 Dungeon Crawl Stone Soup version 0.18.1-48-g4cf74bf (webtiles) character file.

504 Aesthetico the Ducker (level 6, -3/93 HPs)
             Began as a Troll Berserker on July 21, 2016.
             Was a Believer of Trog.
             Slain by Menkaure (17 damage)
             ... on level 4 of the Dungeon.
             The game lasted 00:21:31 (1223 turns).

Aesthetico the Ducker (Troll Berserker)             Turns: 1223, Time: 00:21:31

Health: -3/93      AC:  5    Str: 33    XL:     6   Next: 96%
Magic:  14/14      EV: 11    Int:  3    God:    Trog [**....]
Gold:   121        SH:  0    Dex:  9    Spells: 0 memorised, 5 levels left

rFire  + . .     SeeInvis .     f - +0 giant club {EGGO'S N' BAT}
rCold  + . .     Gourm    +     j - +0 robe {rC+ rF+}
rNeg   . . .     Faith    .     (shield currently unavailable)
rPois  .         Spirit   .     (helmet restricted)
rElec  .         Dismiss  .     (no cloak)
rCorr  .         Reflect  .     (gloves unavailable)
SustAt .         Harm     .     (boots unavailable)
MR     +++..                    (no amulet)
Stlth  ..........               e - ring of magical power
                                h - ring of protection from magic

@: berserking, regenerating, very quick, extremely resistant to hostile
enchantments, extremely unstealthy
A: unfitting armour, claws 3, fast metabolism 3, gourmand, regeneration 2,
shaggy fur 1, tough skin 2
a: Berserk, Trog's Hand, Burn Spellbooks, Renounce Religion


You were on level 4 of the Dungeon.
You worshipped Trog.
Trog was pleased with you.
You were full.

You visited 1 branch of the dungeon, and saw 4 of its levels.

You collected 121 gold pieces.

Inventory:

Hand Weapons
 f - a +0 giant club (weapon) {EGGO'S N' BAT}
Missiles
 i - 27 stones (quivered)
Armour
 j - a +0 robe of resistance (worn)
Jewellery
 e - a ring of magical power (right claw)
 h - a ring of protection from magic (left claw)
Scrolls
 a - a scroll of identify {unknown}
 b - a scroll of teleportation
 g - a scroll of remove curse {unknown}
Potions
 l - a potion of haste
Comestibles
 c - 4 bread rations


   Skills:
 + Level 3.9 Fighting
 + Level 4.2 Maces & Flails
 + Level 0.3 Throwing
 + Level 4.7 Dodging
 + Level 0.4 Stealth


You had 5 spell levels left.
You didn't know any spells.

Dungeon Overview and Level Annotations

Branches:
Dungeon (4/15)
 Temple: D:4-7

Altars:
Gozag

Annotations:
D:4 Menkaure


Innate Abilities, Weirdness & Mutations

You are too large for most types of armour.
You have claws for hands.
Your metabolism is lightning-fast.
You like to eat raw meat.
You heal very quickly.
You are covered in fur (AC +1).
You have very tough skin (AC +2).


Message History

The jackal bites you but does no damage.
You closely miss the jackal.
The jackal is heavily wounded.
The jackal barely misses you. x2
Menkaure calls on the powers of darkness!
Your body is wracked with pain!
* * * LOW HITPOINT WARNING * * *
The jackal closely misses you.
You sock the jackal!
You kill the jackal!
Trog accepts your kill. The jackal bites you.
* * * LOW HITPOINT WARNING * * *
You closely miss the jackal.
The jackal is heavily wounded.
The jackal barely misses you.
You bludgeon Menkaure!!
Menkaure is severely damaged.
The jackal closely misses you. Menkaure hits you!
You die...

.........#.##...#####
.........#.####.....######
..#.####.#.# #####......#
.......#.#.# ####...#
..#.##.[.#.### #####...#
..#.####.....# ###.......#
....# ##.#.#..##...###...#
.#.## #..#.##.##.### #####
....# #.##.....M@#
#.#.###........h###
#.#[##........#h..##
>.............###h.##
..............####h.#
........######h.h..M#
...............###..##
...............h.....#########
###..##.......M.####....#....#


You could see Menkaure and 2 jackals.

Vanquished Creatures
  A hippogriff (D:4)
  An ogre (D:4)
  An orc priest (D:4)
  A centaur skeleton (D:4)
  4 orc wizards (D:4)
  A hound skeleton (D:4)
  3 gnolls (D:2)
  4 adders
  An ooze (D:1)
  A worm (D:2)
  A giant gecko (D:2)
  8 orcs
  A giant cockroach (D:4)
  4 goblins
  5 hobgoblins
  2 jackals (D:4)
  2 quokkas
  A ball python (D:3)
  2 giant newts
  7 kobolds
  A quokka skeleton (D:4)
  2 rats
54 creatures vanquished.

Notes
Turn   | Place    | Note
--------------------------------------------------------------
     0 | D:1      | Aesthetico the Troll Berserker began the quest for the Orb.
     0 | D:1      | Reached XP level 1. HP: 22/22 MP: 0/0
   115 | D:1      | Reached XP level 2. HP: 25/29 MP: 1/1
   246 | D:1      | You fall through a shaft!
   270 | D:2      | Reached XP level 3. HP: 31/36 MP: 2/2
   307 | D:2      | Reached ** piety under Trog
   371 | D:2      | Reached XP level 4. HP: 44/44 MP: 3/3
   487 | D:2      | Found a faded altar to an unknown god.
   503 | D:2      | Found an opulent altar of Gozag.
   922 | D:4      | Reached XP level 5. HP: 41/53 MP: 4/4
   942 | D:4      | Noticed an ogre
   950 | D:4      | Killed an ogre
   962 | D:4      | Reached XP level 6. HP: 31/61 MP: 5/5
  1030 | D:4      | Noticed a hippogriff
  1049 | D:4      | Killed a hippogriff
  1198 | D:4      | Noticed Menkaure
  1223 | D:4      | Slain by Menkaure

Skill      XL: |  1  2  3  4  5  6 |
---------------+-------------------+-----
Maces & Flails | 3 4 |  4.2
Dodging        | 3 4 |  4.7
Fighting       | 3 |  3.9
Throwing       | |  0.3
Stealth        | |  0.4

Action                   |  1- 3 |  4- 6 || total
-------------------------+-------+-------++-------
Melee: Mace              |    58 |    80 ||   138
       Giant club        |       |    41 ||    41
Throw: Stone             |       |    14 ||    14
Invok: Berserk           |     1 |     5 ||     6
       Trog's Hand       |       |     3 ||     3
  Use: Scroll            |       |     1 ||     1
       Potion            |       |     6 ||     6
  Eat: Chunk             |     8 |    13 ||    21
Armor: Animal skin       |    21 |    10 ||    31
       Robe              |       |    50 ||    50
Dodge: Dodged            |    23 |   112 ||   135
